Monsters vs Heat

Created - Sunday, October 12, 2014 at 00:03

Goals
1 2 3 T
Monsters 0 1 0 1
Heat 11 4 1 16
Shots
1 2 3 T
Monsters 10 5 3 18
Heat 11 10 11 32

1st period

1. Heat , Victor Rask 1 (Jon Merrill, Jordan Caron) at 1:36
2. Heat , Lucas Lessio 1 (Sergei Gonchar, Sami Vatanen) at 2:50
3. Heat , Sven Baertschi 3 (Sami Vatanen, Rickard Rakell) at 3:06
4. Heat , Riley Sheahan 3 (Sami Vatanen, Richard Panik) at 3:30
5. Heat , Rickard Rakell 1 (Sven Baertschi) at 3:42
6. Heat , Jordan Caron 1 (Jon Merrill, Lucas Lessio) at 5:55
7. Heat , Jordan Caron 2 (Jon Merrill) at 6:06
8. Heat , Riley Sheahan 4 (Devante Smith-Pelly, Sami Vatanen) at 6:34
9. Heat , Riley Sheahan 5 (Richard Panik, Tim Erixon) at 11:09 (PP)
10. Heat , Rickard Rakell 2 (Taylor Beck) at 16:25
11. Heat , Riley Sheahan 6 (Devante Smith-Pelly) at 18:04

Penalties :
Mike Mottau (LAM) for Interference (Minor) at 10:01, Jordan Caron (ABB) for Interference (Minor) at 18:53

2nd period

12. Heat , Riley Sheahan 7 (Richard Panik) at 2:05
13. Monsters , Ben Street 1 (Taylor Fedun, Jordan Szwarz) at 2:33
14. Heat , Rickard Rakell 3 (Jon Merrill, Sven Baertschi) at 3:50
15. Heat , Riley Sheahan 8 (Devante Smith-Pelly, Nicolas Deslauriers) at 11:22
16. Heat , Sven Baertschi 4 (Jon Merrill, Tim Erixon) at 19:07

Penalties :
Lucas Lessio (ABB) for Fighting (Major) at 5:39, Paul Bissonnette (LAM) for Fighting (Major) at 5:39, Paul Bissonnette (LAM) for instigated a fight (Minor) at 5:39, Paul Bissonnette (LAM) for instigated a fight (10 Minutes Misconduct) at 5:39

3rd period

17. Heat , Jon Merrill 2 (Devante Smith-Pelly, Riley Sheahan) at 2:31 (PP)

Penalties :
Andrej Nestrasil (LAM) for Holding (Minor) at 0:42, Jordan Szwarz (LAM) for Unsportsmanlike conduct (Major / Game Misconduct) at 3:01, Nicolas Deslauriers (ABB) for Cross-checking (Minor) at 10:12, Brett Hextall (LAM) for Hooking (Minor) at 18:20

Goalie Stats

Farm Player80 (LAM), 16 saves from 28 shots - (0.571), L, 1-3-0, 56:56 minutes
Farm Player100 (LAM), 0 saves from 4 shots - (0.000), 3:04 minutes
Eddie Pasquale (ABB), 17 saves from 18 shots - (0.944), W, 3-0-0, 60:00 minutes

Players Stats for Monsters

Player Name              G  A  P  +/- PIM S  H  SB GA TA FO     MP     PP MP  PK MP  
------------------------------------------------------------------------------------
Andrej Nestrasil         0  0  0  -5  2   1  0  0  2  1  1/2    17:06   0:58   1:50 
Andrew Joudrey           0  0  0  -3  0   1  0  0  1  1  3/10   13:24   0:28   0:00 
Ben Street               1  0  1  -2  0   3  1  0  2  3  4/9    18:15   1:09   2:17 
Benn Ferriero            0  0  0  -8  0   2  1  1  2  1  2/7    23:57   1:23   6:08 
Brett Hextall            0  0  0  -3  2   1  2  1  0  0  0/1    12:55   0:00   0:00 
Farm Player12            0  0  0  -5  0   0  5  0  0  0  0/0    16:16   0:00   2:08 
Farm Player13            0  0  0  -5  0   0  0  0  0  0  0/0    14:43   1:23   2:17 
Gleason Fournier         0  0  0  -7  0   0  2  0  0  2  0/0    21:08   1:18   4:01 
Jordan Szwarz            0  1  1  -2  15  2  1  1  1  0  0/0    11:11   1:09   0:00 
Justin Mercier           0  0  0   0  0   0  0  0  0  0  0/0     2:21   0:00   0:29 
Matthew Corrente         0  0  0  -7  0   0  1  1  1  0  0/0    21:19   2:16   4:01 
Max Friberg              0  0  0  -2  0   1  0  0  1  0  0/1    14:32   2:35   0:00 
Mike Mottau              0  0  0  -1  2   3  3  1  0  3  0/0    25:25   1:42   5:16 
Paul Bissonnette         0  0  0  -3  17  1  0  0  1  1  0/0     9:04   0:28   0:00 
Raphael Bussieres        0  0  0  -3  0   0  0  0  0  0  0/0    12:26   0:00   2:35 
T.J. Hensick             0  0  0  -5  0   0  0  1  3  1  3/11   19:13   1:23   6:40 
Tanner Richard           0  0  0  -3  0   0  1  0  0  0  2/5     8:25   0:58   1:01 
Taylor Fedun             0  1  1  -1  0   3  1  0  2  5  0/0    26:41   2:40   7:33 

Players Stats for Heat

Player Name              G  A  P  +/- PIM S  H  SB GA TA FO     MP     PP MP  PK MP  
------------------------------------------------------------------------------------
Brenden Kichton          0  0  0   0  0   0  0  0  0  0  0/0     0:00   0:00   0:00 
Carl Klingberg           0  0  0   0  0   0  1  0  0  0  0/0     1:12   0:56   0:00 
Devante Smith-Pelly      0  4  4   5  0   4  4  0  2  1  0/1    21:32   5:05   0:00 
Jon Merrill              1  5  6   6  0   3  1  1  1  2  0/0    25:54   5:41   2:40 
Jordan Caron             2  1  3   3  2   4  1  0  3  0  0/1    15:06   0:56   0:58 
Lucas Lessio             1  1  2   3  5   1  5  0  3  0  1/1    14:53   0:29   1:34 
Mark Alt                 0  0  0   1  0   0  0  0  0  0  0/0     3:19   0:00   0:00 
Nicolas Deslauriers      0  1  1   3  2   0  1  0  0  0  0/0     7:21   0:00   0:00 
Richard Panik            0  3  3   2  0   2  3  0  1  0  0/0    16:56   5:32   0:00 
Rickard Rakell           3  1  4   5  0   3  3  0  5  1  11/11  20:07   5:33   0:38 
Riley Sheahan            6  1  7   5  0   9  1  0  5  1  13/19  22:43   5:05   2:07 
Sami Vatanen             0  4  4   6  0   1  4  0  3  1  0/0    30:13   5:49   1:18 
Sergei Gonchar           0  1  1   6  0   0  1  1  0  1  0/0    29:53   5:29   1:18 
Stuart Percy             0  0  0   1  0   0  1  0  0  0  0/0     5:41   0:55   0:04 
Sven Baertschi           2  2  4   5  0   4  2  1  4  1  0/0    19:27   5:33   0:00 
Taylor Beck              0  1  1   5  0   0  3  0  0  0  0/0    19:27   5:33   0:00 
Tim Erixon               0  2  2   6  0   0  3  0  0  3  0/0    25:30   5:14   2:40 
Victor Rask              1  0  1   3  0   1  1  2  0  0  6/13   16:45   0:00   2:35 

3 Stars

1 - Riley Sheahan (ABB)
2 - Jon Merrill (ABB)
3 - Rickard Rakell (ABB)

Power Play

Monsters - 0 on 2 Attempt(s) - 0.00%
Heat - 2 on 5 Attempt(s) - 40.00%

Penalty Kill

Monsters - 3 on 5 Attempt(s) - 60.00% - Score 0 goal in Penalty Kill
Heat - 2 on 2 Attempt(s) - 100.00% - Score 0 goal in Penalty Kill

Official

Referees : Unknown
Linesman : Unknown

Game Notes

Farm Player100 enters game at 3:30 of 1st period
Farm Player80 enters game at 6:34 of 1st period
Riley Sheahan has scored a Hat Trick!
Rickard Rakell has scored a Hat Trick!
Paul Bissonnette beats up Lucas Lessio at 5:39 of 2nd period
Jordan Szwarz ejected from game at 3:01 of 3rd period
Jordan Szwarz from Monsters is suspended for 1 game(s)

Finance

Level 1 -- Attendance: 1600 (80.00%) -- Ticket Income $56,000
Level 2 -- Attendance: 772 (77.20%) -- Ticket Income $11,580
Total Attendance: 2372 (79.07%)
Total Ticket Income: $67,580
Other Income: $33,114
Total Income: $100,694

Monsters

5 vs 5 Forward 
   Center                   Left Wing                Right Wing               Time % Phy DF OF 
 1 T.J. Hensick             Benn Ferriero            Andrej Nestrasil         35     1   2  2  
 2 Ben Street               Max Friberg              Jordan Szwarz            30     1   2  2  
 3 Andrew Joudrey           Paul Bissonnette         Brett Hextall            22     1   2  2  
 4 Tanner Richard           Raphael Bussieres        Benn Ferriero            13     1   2  2  

5 vs 5 Defense 
   Defense                  Defense                                           Time % Phy DF OF 
 1 Taylor Fedun             Mike Mottau                                       35     1   2  2  
 2 Matthew Corrente         Gleason Fournier                                  30     1   2  2  
 3 Farm Player12            Farm Player13                                     22     1   2  2  
 4 Taylor Fedun             Mike Mottau                                       13     1   2  2  

PowerPlay Forward 
   Center                   Left Wing                Right Wing               Time % Phy DF OF 
 1 T.J. Hensick             Benn Ferriero            Andrej Nestrasil         60     1   2  2  
 2 Ben Street               Max Friberg              Jordan Szwarz            40     1   2  2  

PowerPlay Defense
   Defense                  Defense                                           Time % Phy DF OF 
 1 Taylor Fedun             Mike Mottau                                       60     1   2  2  
 2 Matthew Corrente         Gleason Fournier                                  40     1   2  2  

Penalty Kill 4 Players Forward 
   Center                   Wing                     Time % Phy DF OF 
 1 Benn Ferriero            T.J. Hensick             60     1   2  2  
 2 Andrej Nestrasil         Ben Street               40     1   2  2  

Penalty Kill 4 Players Defense
   Defense                  Defense                  Time % Phy DF OF 
 1 Taylor Fedun             Mike Mottau              60     1   2  2  
 2 Matthew Corrente         Gleason Fournier         40     1   2  2  

Penalty Kill - 3 Players Forward 
   Forward                                           Time % Phy DF OF 
 1 Benn Ferriero                                     60     1   2  2  
 2 T.J. Hensick                                      40     1   2  2  

Penalty Kill - 3 Players Defense
   Defense                  Defense                  Time % Phy DF OF 
 1 Taylor Fedun             Mike Mottau              60     1   2  2  
 2 Matthew Corrente         Gleason Fournier         40     1   2  2  

4 vs 4 Forward 
   Center                   Wing                     Time % Phy DF OF 
 1 Benn Ferriero            T.J. Hensick             60     1   2  2  
 2 Andrej Nestrasil         Ben Street               40     1   2  2  

4 vs 4 Defense
   Defense                  Defense                  Time % Phy DF OF 
 1 Taylor Fedun             Mike Mottau              60     1   2  2  
 2 Matthew Corrente         Gleason Fournier         40     1   2  2  

Last Minutes Offensive
   Center                   Left Wing                Right Wing               Defense                  Defense                  
   T.J. Hensick             Benn Ferriero            Andrej Nestrasil         Taylor Fedun             Mike Mottau              

Last Minutes Defensive
   Center                   Left Wing                Right Wing               Defense                  Defense                  
   T.J. Hensick             Benn Ferriero            Andrej Nestrasil         Taylor Fedun             Mike Mottau              

Goaltenders
Starting : Farm Player80            
Backup : Farm Player100           

Extra Forwards
Normal : Paul Bissonnette, Andrew Joudrey, Raphael Bussieres - PP : Paul Bissonnette, Andrew Joudrey - PK : Raphael Bussieres
Extra Defensemen
Normal : Farm Player12, Farm Player13, Matthew Corrente - PP : Farm Player12 - PK : Farm Player13, Matthew Corrente
Penalty Shots
Benn Ferriero, T.J. Hensick, Andrej Nestrasil, Ben Street, Max Friberg

Heat

5 vs 5 Forward 
   Center                   Left Wing                Right Wing               Time % Phy DF OF 
 1 Riley Sheahan            Richard Panik            Devante Smith-Pelly      35     1   1  3  
 2 Rickard Rakell           Sven Baertschi           Taylor Beck              30     0   2  3  
 3 Victor Rask              Lucas Lessio             Jordan Caron             22     1   2  2  
 4 Riley Sheahan            Devante Smith-Pelly      Nicolas Deslauriers      13     1   2  2  

5 vs 5 Defense 
   Defense                  Defense                                           Time % Phy DF OF 
 1 Sergei Gonchar           Sami Vatanen                                      36     1   1  3  
 2 Jon Merrill              Tim Erixon                                        30     1   2  2  
 3 Sergei Gonchar           Sami Vatanen                                      24     1   3  1  
 4 Sergei Gonchar           Sami Vatanen                                      10     1   2  2  

PowerPlay Forward 
   Center                   Left Wing                Right Wing               Time % Phy DF OF 
 1 Riley Sheahan            Richard Panik            Devante Smith-Pelly      50     0   0  5  
 2 Rickard Rakell           Sven Baertschi           Taylor Beck              50     0   0  5  

PowerPlay Defense
   Defense                  Defense                                           Time % Phy DF OF 
 1 Sergei Gonchar           Sami Vatanen                                      50     0   0  5  
 2 Jon Merrill              Tim Erixon                                        50     0   0  5  

Penalty Kill 4 Players Forward 
   Center                   Wing                     Time % Phy DF OF 
 1 Riley Sheahan            Jordan Caron             50     1   4  0  
 2 Victor Rask              Lucas Lessio             50     1   3  1  

Penalty Kill 4 Players Defense
   Defense                  Defense                  Time % Phy DF OF 
 1 Sergei Gonchar           Sami Vatanen             50     1   4  0  
 2 Jon Merrill              Tim Erixon               50     1   3  1  

Penalty Kill - 3 Players Forward 
   Forward                                           Time % Phy DF OF 
 1 Riley Sheahan                                     50     0   5  0  
 2 Victor Rask                                       50     0   5  0  

Penalty Kill - 3 Players Defense
   Defense                  Defense                  Time % Phy DF OF 
 1 Sergei Gonchar           Sami Vatanen             50     0   5  0  
 2 Jon Merrill              Tim Erixon               50     0   5  0  

4 vs 4 Forward 
   Center                   Wing                     Time % Phy DF OF 
 1 Riley Sheahan            Richard Panik            50     1   2  2  
 2 Rickard Rakell           Sven Baertschi           50     1   2  2  

4 vs 4 Defense
   Defense                  Defense                  Time % Phy DF OF 
 1 Sergei Gonchar           Sami Vatanen             50     1   2  2  
 2 Jon Merrill              Tim Erixon               50     1   2  2  

Last Minutes Offensive
   Center                   Left Wing                Right Wing               Defense                  Defense                  
   Riley Sheahan            Sven Baertschi           Devante Smith-Pelly      Sergei Gonchar           Sami Vatanen             

Last Minutes Defensive
   Center                   Left Wing                Right Wing               Defense                  Defense                  
   Riley Sheahan            Taylor Beck              Jordan Caron             Sergei Gonchar           Sami Vatanen             

Goaltenders
Starting : Eddie Pasquale           
Backup : Calvin Pickard           

Extra Forwards
Normal : Lucas Lessio, Jordan Caron, Victor Rask - PP : Lucas Lessio, Jordan Caron - PK : Victor Rask
Extra Defensemen
Normal : Sergei Gonchar, Sami Vatanen, Jon Merrill - PP : Sergei Gonchar - PK : Sami Vatanen, Jon Merrill
Penalty Shots
Riley Sheahan, Richard Panik, Devante Smith-Pelly, Sven Baertschi, Taylor Beck

% Time on Ice - Monsters

Lines # - Real PCT - Wanted PCT - Time Play
Normal Forward
1 - 25% - 35% - 11:10
2 - 32% - 30% - 14:22
3 - 29% - 22% - 12:56
4 - 13% - 13% - 6:00
Normal Defense
1 - 34% - 35% - 15:19
2 - 33% - 30% - 14:43
3 - 25% - 22% - 11:08
4 - 7% - 13% - 3:18
PP Forward
1 - 35% - 60% - 1:23
2 - 65% - 40% - 2:35
PP Defense
1 - 71% - 60% - 2:48
2 - 29% - 40% - 1:10
PK Forward
1 - 80% - 60% - 9:17
2 - 20% - 40% - 2:17
PK Defense
1 - 65% - 60% - 7:33
2 - 35% - 40% - 4:01
PK3 Forward
1 - 0% - 60%
2 - 0% - 40%
PK3 Defense
1 - 0% - 60%
2 - 0% - 40%
44 Forward
1 - 0% - 60%
2 - 0% - 40%
44 Defense
1 - 0% - 60%
2 - 0% - 40%
Last Minute Offensive  - 0:00
Last Minute Defensive  - 0:00
Total
Forward - 60:00
Defense - 60:00

% Time on Ice - Heat

Lines # - Real PCT - Wanted PCT - Time Play
Normal Forward
1 - 26% - 35% - 11:46
2 - 32% - 30% - 14:20
3 - 28% - 22% - 12:29
4 - 13% - 13% - 5:53
Normal Defense
1 - 36% - 36% - 16:01
2 - 41% - 30% - 18:03
3 - 20% - 24% - 9:05
4 - 3% - 10% - 1:19
PP Forward
1 - 52% - 50% - 6:01
2 - 48% - 50% - 5:33
PP Defense
1 - 51% - 50% - 5:53
2 - 49% - 50% - 5:41
PK Forward
1 - 53% - 50% - 2:07
2 - 47% - 50% - 1:51
PK Defense
1 - 33% - 50% - 1:18
2 - 67% - 50% - 2:40
PK3 Forward
1 - 0% - 50%
2 - 0% - 50%
PK3 Defense
1 - 0% - 50%
2 - 0% - 50%
44 Forward
1 - 0% - 50%
2 - 0% - 50%
44 Defense
1 - 0% - 50%
2 - 0% - 50%
Last Minute Offensive  - 0:00
Last Minute Defensive  - 0:00
Total
Forward - 60:00
Defense - 60:00

Play by Play

1st period


0:01 of 1st period - Riley Sheahan wins face-off versus T.J. Hensick in neutral zone.
0:04 of 1st period - Mike Mottau is hit by Sami Vatanen and loses puck.
0:17 of 1st period - Snap shot by Riley Sheahan.
0:17 of 1st period - Deflect By Andrej Nestrasil.
0:17 of 1st period - Shot Misses the Net.
0:17 of 1st period - Puck is out of play.
0:18 of 1st period - Riley Sheahan wins face-off versus T.J. Hensick in Monsters zone.
1:05 of 1st period - Snap shot by Ben Street.
1:05 of 1st period - Shot Misses the Net.
1:07 of 1st period - Wrist shot by Ben Street.
1:07 of 1st period - Stopped by Eddie Pasquale with a rebound.
1:15 of 1st period - Snap shot by Ben Street.
1:15 of 1st period - Shot Misses the Net.
1:17 of 1st period - Wrist shot by Ben Street.
1:17 of 1st period - Shot Misses the Net.
1:19 of 1st period - Slapshot by Ben Street.
1:19 of 1st period - Shot Blocked by Sven Baertschi.
1:21 of 1st period - Backhand shot by Jordan Szwarz.
1:21 of 1st period - Stopped by Eddie Pasquale with a rebound.
1:23 of 1st period - Slapshot by Max Friberg.
1:23 of 1st period - Stopped by Eddie Pasquale without a rebound.
1:24 of 1st period - Victor Rask wins face-off versus Andrew Joudrey in Heat zone.
1:24 of 1st period - Victor Rask is hit by Brett Hextall.
1:30 of 1st period - Slapshot by Jon Merrill.
1:30 of 1st period - Shot Misses the Net.
1:32 of 1st period - Wrist shot by Jordan Caron.
1:32 of 1st period - Shot Misses the Net.
1:34 of 1st period - Slapshot by Jon Merrill.
1:34 of 1st period - Shot Blocked by Brett Hextall.
1:36 of 1st period - Snap shot by Victor Rask.
1:36 of 1st period - Goal by Victor Rask - Monsters : 0 - Heat : 1.
1:37 of 1st period - Riley Sheahan wins face-off versus Tanner Richard in neutral zone.
2:50 of 1st period - Slapshot by Sergei Gonchar.
2:50 of 1st period - Deflect By Lucas Lessio.
2:50 of 1st period - Goal by Lucas Lessio - Monsters : 0 - Heat : 2.
2:51 of 1st period - Rickard Rakell wins face-off versus Andrew Joudrey in neutral zone.
3:06 of 1st period - Backhand shot by Sven Baertschi.
3:06 of 1st period - Goal by Sven Baertschi - Monsters : 0 - Heat : 3.
3:07 of 1st period - Ben Street wins face-off versus Riley Sheahan in neutral zone.
3:30 of 1st period - Slapshot by Riley Sheahan.
3:30 of 1st period - Goal by Riley Sheahan - Monsters : 0 - Heat : 4.
3:30 of 1st period - Farm Player100 enters game.
3:31 of 1st period - Rickard Rakell wins face-off versus T.J. Hensick in neutral zone.
3:40 of 1st period - Snap shot by Sven Baertschi.
3:40 of 1st period - Shot Blocked by Matthew Corrente.
3:42 of 1st period - Snap shot by Rickard Rakell.
3:42 of 1st period - Goal by Rickard Rakell - Monsters : 0 - Heat : 5.
3:43 of 1st period - Riley Sheahan wins face-off versus Andrew Joudrey in neutral zone.
3:48 of 1st period - Slapshot by Riley Sheahan.
3:48 of 1st period - Shot Misses the Net.
4:00 of 1st period - Slapshot by Taylor Fedun.
4:00 of 1st period - Deflect By Riley Sheahan.
4:00 of 1st period - Stopped by Eddie Pasquale with a rebound.
4:35 of 1st period - Devante Smith-Pelly is hit by Jordan Szwarz.
4:39 of 1st period - Mike Mottau is hit by Richard Panik and loses puck.
5:36 of 1st period - T.J. Hensick is hit by Lucas Lessio and loses puck.
5:44 of 1st period - Off-side.
5:45 of 1st period - Victor Rask wins face-off versus T.J. Hensick in neutral zone.
5:49 of 1st period - Backhand shot by Jordan Caron.
5:49 of 1st period - Shot Misses the Net.
5:55 of 1st period - Wrist shot by Jordan Caron.
5:55 of 1st period - Goal by Jordan Caron - Monsters : 0 - Heat : 6.
5:56 of 1st period - T.J. Hensick wins face-off versus Victor Rask in neutral zone.
6:01 of 1st period - Andrej Nestrasil is hit by Lucas Lessio and loses puck.
6:06 of 1st period - Snap shot by Jordan Caron.
6:06 of 1st period - Goal by Jordan Caron - Monsters : 0 - Heat : 7.
6:07 of 1st period - Riley Sheahan wins face-off versus T.J. Hensick in neutral zone.
6:34 of 1st period - Slapshot by Riley Sheahan.
6:34 of 1st period - Goal by Riley Sheahan - Monsters : 0 - Heat : 8.
6:34 of 1st period - Farm Player80 enters game.
6:35 of 1st period - Rickard Rakell wins face-off versus Brett Hextall in neutral zone.
7:23 of 1st period - Snap shot by Andrej Nestrasil.
7:23 of 1st period - Stopped by Eddie Pasquale without a rebound.
7:24 of 1st period - Riley Sheahan wins face-off versus T.J. Hensick in Heat zone.
7:24 of 1st period - Riley Sheahan is hit by Farm Player12.
7:34 of 1st period - Snap shot by Benn Ferriero.
7:34 of 1st period - Stopped by Eddie Pasquale with a rebound.
7:36 of 1st period - Snap shot by T.J. Hensick.
7:36 of 1st period - Shot Misses the Net.
7:38 of 1st period - Snap shot by T.J. Hensick.
7:38 of 1st period - Deflect By Andrej Nestrasil.
7:38 of 1st period - Shot Misses the Net.
7:38 of 1st period - Puck is out of play.
7:39 of 1st period - Victor Rask wins face-off versus Ben Street in Heat zone.
7:50 of 1st period - Victor Rask is hit by Farm Player12 and loses puck.
8:03 of 1st period - Wrist shot by Jordan Szwarz.
8:03 of 1st period - Stopped by Eddie Pasquale without a rebound.
8:04 of 1st period - Riley Sheahan wins face-off versus T.J. Hensick in Heat zone.
8:32 of 1st period - Wrist shot by Andrej Nestrasil.
8:32 of 1st period - Shot Misses the Net.
8:34 of 1st period - Wrist shot by Benn Ferriero.
8:34 of 1st period - Stopped by Eddie Pasquale with a rebound.
8:48 of 1st period - Matthew Corrente is hit by Richard Panik and loses puck.
9:21 of 1st period - Benn Ferriero is hit by Taylor Beck and loses puck.
10:01 of 1st period - Minor Penalty to Mike Mottau for Interference.
10:02 of 1st period - Riley Sheahan wins face-off versus Benn Ferriero in Monsters zone.
11:09 of 1st period - Wrist shot by Riley Sheahan.
11:09 of 1st period - Goal by Riley Sheahan - Monsters : 0 - Heat : 9.
11:10 of 1st period - Andrew Joudrey wins face-off versus Victor Rask in neutral zone.
12:39 of 1st period - Nicolas Deslauriers is hit by Taylor Fedun.
13:08 of 1st period - Slapshot by Sami Vatanen.
13:08 of 1st period - Shot Blocked by Mike Mottau.
13:26 of 1st period - Wrist shot by Brett Hextall.
13:26 of 1st period - Shot Hit the Post.
13:28 of 1st period - Snap shot by Paul Bissonnette.
13:28 of 1st period - Shot Misses the Net.
13:30 of 1st period - Snap shot by Brett Hextall.
13:30 of 1st period - Shot Misses the Net.
13:32 of 1st period - Snap shot by Brett Hextall.
13:32 of 1st period - Stopped by Eddie Pasquale with a rebound.
14:42 of 1st period - Wrist shot by Andrew Joudrey.
14:42 of 1st period - Stopped by Eddie Pasquale with a rebound.
15:08 of 1st period - Jordan Szwarz is hit by Richard Panik and loses puck.
15:36 of 1st period - Off-side.
15:37 of 1st period - Rickard Rakell wins face-off versus Tanner Richard in neutral zone.
16:25 of 1st period - Backhand shot by Rickard Rakell.
16:25 of 1st period - Goal by Rickard Rakell - Monsters : 0 - Heat : 10.
16:26 of 1st period - Victor Rask wins face-off versus Andrew Joudrey in neutral zone.
17:30 of 1st period - Jon Merrill is hit by Ben Street.
17:41 of 1st period - Ben Street is hit by Devante Smith-Pelly and loses puck.
18:04 of 1st period - Slapshot by Riley Sheahan.
18:04 of 1st period - Deflect By Mike Mottau.
18:04 of 1st period - Goal by Riley Sheahan - Monsters : 0 - Heat : 11.
18:05 of 1st period - Rickard Rakell wins face-off versus Andrew Joudrey in neutral zone.
18:53 of 1st period - Minor Penalty to Jordan Caron for Interference.
18:54 of 1st period - Ben Street wins face-off versus Victor Rask in Heat zone.
19:41 of 1st period - Lucas Lessio is hit by Gleason Fournier and loses puck.
Goals for this period are 0 for Monsters vs 11 for Heat.
Shots for this period are 10 for Monsters vs 11 for Heat.

2nd period


0:01 of 2nd period - T.J. Hensick wins face-off versus Victor Rask in neutral zone.
0:22 of 2nd period - Snap shot by Benn Ferriero.
0:22 of 2nd period - Shot Misses the Net.
0:24 of 2nd period - Snap shot by Andrej Nestrasil.
0:24 of 2nd period - Deflect By Benn Ferriero.
0:24 of 2nd period - Shot Blocked by Victor Rask.
0:24 of 2nd period - Puck is out of play.
0:25 of 2nd period - Riley Sheahan wins face-off versus Ben Street in Heat zone.
0:40 of 2nd period - Snap shot by Ben Street.
0:40 of 2nd period - Stopped by Eddie Pasquale with a rebound.
0:53 of 2nd period - Penalty to Jordan Caron is over, Jordan Caron is back on ice.
0:56 of 2nd period - Slapshot by Ben Street.
0:56 of 2nd period - Shot Misses the Net.
0:58 of 2nd period - Slapshot by Mike Mottau.
0:58 of 2nd period - Stopped by Eddie Pasquale without a rebound.
0:59 of 2nd period - Rickard Rakell wins face-off versus T.J. Hensick in Heat zone.
1:30 of 2nd period - Snap shot by Rickard Rakell.
1:30 of 2nd period - Shot Misses the Net.
2:05 of 2nd period - Wrist shot by Riley Sheahan.
2:05 of 2nd period - Goal by Riley Sheahan - Monsters : 0 - Heat : 12.
2:06 of 2nd period - Ben Street wins face-off versus Jordan Caron in neutral zone.
2:19 of 2nd period - Slapshot by Ben Street.
2:19 of 2nd period - Shot Blocked by Sergei Gonchar.
2:21 of 2nd period - Slapshot by Taylor Fedun.
2:21 of 2nd period - Shot Blocked by Victor Rask.
2:29 of 2nd period - Snap shot by Jordan Szwarz.
2:29 of 2nd period - Shot Misses the Net.
2:31 of 2nd period - Slapshot by Taylor Fedun.
2:31 of 2nd period - Shot Misses the Net.
2:33 of 2nd period - Wrist shot by Ben Street.
2:33 of 2nd period - Goal by Ben Street - Monsters : 1 - Heat : 12.
2:34 of 2nd period - Andrew Joudrey wins face-off versus Riley Sheahan in neutral zone.
2:39 of 2nd period - Riley Sheahan is hit by Mike Mottau and loses puck.
2:56 of 2nd period - Slapshot by Devante Smith-Pelly.
2:56 of 2nd period - Stopped by Farm Player80 with a rebound.
3:39 of 2nd period - T.J. Hensick is hit by Rickard Rakell and loses puck.
3:48 of 2nd period - Snap shot by Sven Baertschi.
3:48 of 2nd period - Shot Misses the Net.
3:50 of 2nd period - Slapshot by Jon Merrill.
3:50 of 2nd period - Deflect By Rickard Rakell.
3:50 of 2nd period - Goal by Rickard Rakell - Monsters : 1 - Heat : 13.
3:51 of 2nd period - Lucas Lessio wins face-off versus Ben Street in neutral zone.
4:02 of 2nd period - Lucas Lessio is hit by Farm Player12 and loses puck.
4:11 of 2nd period - Slapshot by Jon Merrill.
4:11 of 2nd period - Deflect By Lucas Lessio.
4:11 of 2nd period - Shot Blocked by Jordan Szwarz.
4:11 of 2nd period - Puck is out of play.
4:12 of 2nd period - T.J. Hensick wins face-off versus Riley Sheahan in Monsters zone.
5:05 of 2nd period - Taylor Beck is hit by Mike Mottau and loses puck.
5:24 of 2nd period - Slapshot by Jon Merrill.
5:24 of 2nd period - Stopped by Farm Player80 without a rebound.
5:25 of 2nd period - Andrew Joudrey wins face-off versus Victor Rask in Monsters zone.
5:36 of 2nd period - Slapshot by Sergei Gonchar.
5:36 of 2nd period - Shot Misses the Net.
5:39 of 2nd period - Paul Bissonnette beats up Lucas Lessio.
5:39 of 2nd period - Penalty to Lucas Lessio for Fighting.
5:39 of 2nd period - Penalty to Paul Bissonnette for Fighting.
5:39 of 2nd period - Penalty to Paul Bissonnette for instigated a fight.
5:39 of 2nd period - Penalty to Paul Bissonnette for instigated a fight.
5:40 of 2nd period - Rickard Rakell wins face-off versus Benn Ferriero in neutral zone.
6:23 of 2nd period - Mike Mottau is hit by Taylor Beck.
7:11 of 2nd period - Benn Ferriero is hit by Rickard Rakell and loses puck.
7:39 of 2nd period - Penalty to Paul Bissonnette is over, Raphael Bussieres is send on ice.
8:05 of 2nd period - Ben Street is hit by Sami Vatanen and loses puck.
8:42 of 2nd period - Snap shot by Brett Hextall.
8:42 of 2nd period - Shot Misses the Net.
8:44 of 2nd period - Wrist shot by Andrew Joudrey.
8:44 of 2nd period - Shot Blocked by Jon Merrill.
9:35 of 2nd period - Icing by Taylor Beck.
9:36 of 2nd period - Rickard Rakell wins face-off versus Ben Street in Heat zone.
9:41 of 2nd period - Jordan Szwarz is hit by Taylor Beck and loses puck.
10:07 of 2nd period - Raphael Bussieres is hit by Jordan Caron and loses puck.
10:29 of 2nd period - Snap shot by Devante Smith-Pelly.
10:29 of 2nd period - Stopped by Farm Player80 with a rebound.
10:31 of 2nd period - Wrist shot by Richard Panik.
10:31 of 2nd period - Stopped by Farm Player80 without a rebound.
10:32 of 2nd period - Tanner Richard wins face-off versus Riley Sheahan in Monsters zone.
10:32 of 2nd period - Tanner Richard is hit by Devante Smith-Pelly.
11:22 of 2nd period - Wrist shot by Riley Sheahan.
11:22 of 2nd period - Goal by Riley Sheahan - Monsters : 1 - Heat : 14.
11:23 of 2nd period - Rickard Rakell wins face-off versus Andrew Joudrey in neutral zone.
11:30 of 2nd period - Snap shot by Sven Baertschi.
11:30 of 2nd period - Stopped by Farm Player80 with a rebound.
12:10 of 2nd period - Richard Panik is hit by Benn Ferriero and loses puck.
12:38 of 2nd period - Ben Street is hit by Lucas Lessio and loses puck.
12:52 of 2nd period - Wrist shot by Jordan Caron.
12:52 of 2nd period - Stopped by Farm Player80 with a rebound.
13:39 of 2nd period - Nicolas Deslauriers is hit by Gleason Fournier and loses puck.
13:52 of 2nd period - Benn Ferriero is hit by Devante Smith-Pelly and loses puck.
14:25 of 2nd period - Sami Vatanen is hit by Farm Player12 and loses puck.
16:59 of 2nd period - Slapshot by Taylor Fedun.
16:59 of 2nd period - Stopped by Eddie Pasquale without a rebound.
17:00 of 2nd period - Tanner Richard wins face-off versus Riley Sheahan in Heat zone.
17:43 of 2nd period - Ben Street is hit by Sami Vatanen.
17:53 of 2nd period - Jordan Szwarz is hit by Sven Baertschi.
18:09 of 2nd period - Off-side.
18:10 of 2nd period - Benn Ferriero wins face-off versus Victor Rask in neutral zone.
18:22 of 2nd period - Matthew Corrente is hit by Stuart Percy and loses puck.
18:33 of 2nd period - Benn Ferriero is hit by Nicolas Deslauriers and loses puck.
18:56 of 2nd period - Matthew Corrente is hit by Rickard Rakell and loses puck.
19:03 of 2nd period - Snap shot by Sven Baertschi.
19:03 of 2nd period - Shot Misses the Net.
19:05 of 2nd period - Backhand shot by Jon Merrill.
19:05 of 2nd period - Shot Misses the Net.
19:07 of 2nd period - Snap shot by Sven Baertschi.
19:07 of 2nd period - Goal by Sven Baertschi - Monsters : 1 - Heat : 15.
19:08 of 2nd period - Victor Rask wins face-off versus Andrew Joudrey in neutral zone.
19:11 of 2nd period - Andrew Joudrey is hit by Lucas Lessio and loses puck.
19:19 of 2nd period - Slapshot by Taylor Fedun.
19:19 of 2nd period - Shot Misses the Net.
19:21 of 2nd period - Snap shot by Andrew Joudrey.
19:21 of 2nd period - Shot Misses the Net.
19:23 of 2nd period - Snap shot by Taylor Fedun.
19:23 of 2nd period - Stopped by Eddie Pasquale with a rebound.
Goals for this period are 1 for Monsters vs 4 for Heat.
Shots for this period are 5 for Monsters vs 10 for Heat.

3rd period


0:01 of 3rd period - Riley Sheahan wins face-off versus Andrej Nestrasil in neutral zone.
0:16 of 3rd period - Wrist shot by Riley Sheahan.
0:16 of 3rd period - Shot Hit the Post.
0:18 of 3rd period - Slapshot by Devante Smith-Pelly.
0:18 of 3rd period - Stopped by Farm Player80 with a rebound.
0:20 of 3rd period - Backhand shot by Riley Sheahan.
0:20 of 3rd period - Stopped by Farm Player80 with a rebound.
0:22 of 3rd period - Slapshot by Sami Vatanen.
0:22 of 3rd period - Stopped by Farm Player80 with a rebound.
0:24 of 3rd period - Wrist shot by Riley Sheahan.
0:24 of 3rd period - Stopped by Farm Player80 with a rebound.
0:26 of 3rd period - Wrist shot by Sami Vatanen.
0:26 of 3rd period - Shot Blocked by T.J. Hensick.
0:28 of 3rd period - Slapshot by Sergei Gonchar.
0:28 of 3rd period - Shot Misses the Net.
0:39 of 3rd period - 10 Minutes Misconduct Penalty to Paul Bissonnette is over.
0:42 of 3rd period - Minor Penalty to Andrej Nestrasil for Holding.
0:43 of 3rd period - Rickard Rakell wins face-off versus Benn Ferriero in Monsters zone.
1:09 of 3rd period - Off-side.
1:10 of 3rd period - Riley Sheahan wins face-off versus Benn Ferriero in neutral zone.
1:21 of 3rd period - Snap shot by Sami Vatanen.
1:21 of 3rd period - Shot Misses the Net.
2:11 of 3rd period - Ben Street is hit by Sergei Gonchar and loses puck.
2:31 of 3rd period - Slapshot by Jon Merrill.
2:31 of 3rd period - Goal by Jon Merrill - Monsters : 1 - Heat : 16.
2:32 of 3rd period - Victor Rask wins face-off versus Ben Street in neutral zone.
2:37 of 3rd period - Snap shot by Lucas Lessio.
2:37 of 3rd period - Deflect By Jordan Caron.
2:37 of 3rd period - Stopped by Farm Player80 with a rebound.
2:59 of 3rd period - Backhand shot by Jon Merrill.
2:59 of 3rd period - Deflect By Ben Street.
2:59 of 3rd period - Stopped by Farm Player80 with a rebound.
3:01 of 3rd period - Major / Game Misconduct Penalty to Jordan Szwarz for Unsportsmanlike conduct.
3:01 of 3rd period - Jordan Szwarz is ejected from game.
3:02 of 3rd period - Benn Ferriero wins face-off versus Riley Sheahan in Monsters zone.
3:49 of 3rd period - Snap shot by Andrej Nestrasil.
3:49 of 3rd period - Shot Misses the Net.
3:51 of 3rd period - Slapshot by Mike Mottau.
3:51 of 3rd period - Stopped by Eddie Pasquale with a rebound.
4:29 of 3rd period - Jon Merrill is hit by Matthew Corrente and loses puck.
4:48 of 3rd period - Farm Player12 is hit by Sven Baertschi and loses puck.
5:09 of 3rd period - Riley Sheahan is hit by Farm Player12 and loses puck.
5:20 of 3rd period - Raphael Bussieres is hit by Tim Erixon.
5:38 of 3rd period - Slapshot by Sven Baertschi.
5:38 of 3rd period - Stopped by Farm Player80 with a rebound.
5:58 of 3rd period - Wrist shot by Riley Sheahan.
5:58 of 3rd period - Stopped by Farm Player80 with a rebound.
6:00 of 3rd period - Wrist shot by Riley Sheahan.
6:00 of 3rd period - Deflect By Devante Smith-Pelly.
6:00 of 3rd period - Stopped by Farm Player80 without a rebound.
6:01 of 3rd period - Andrej Nestrasil wins face-off versus Devante Smith-Pelly in Monsters zone.
6:12 of 3rd period - Snap shot by Mike Mottau.
6:12 of 3rd period - Deflect By Riley Sheahan.
6:12 of 3rd period - Stopped by Eddie Pasquale with a rebound.
7:42 of 3rd period - Taylor Fedun is hit by Lucas Lessio and loses puck.
8:01 of 3rd period - Penalty to Jordan Szwarz is over, Farm Player12 is send on ice.
8:12 of 3rd period - Ben Street is hit by Sami Vatanen and loses puck.
9:55 of 3rd period - Lucas Lessio is hit by Brett Hextall and loses puck.
10:04 of 3rd period - Wrist shot by Paul Bissonnette.
10:04 of 3rd period - Stopped by Eddie Pasquale with a rebound.
10:06 of 3rd period - Slapshot by Brett Hextall.
10:06 of 3rd period - Shot Misses the Net.
10:12 of 3rd period - Minor Penalty to Nicolas Deslauriers for Cross-checking.
10:13 of 3rd period - Riley Sheahan wins face-off versus Max Friberg in Heat zone.
10:36 of 3rd period - Sergei Gonchar is hit by Mike Mottau and loses puck.
10:47 of 3rd period - T.J. Hensick is hit by Victor Rask and loses puck.
11:14 of 3rd period - Slapshot by Jon Merrill.
11:14 of 3rd period - Shot Misses the Net.
11:29 of 3rd period - Taylor Fedun is hit by Tim Erixon and loses puck.
12:12 of 3rd period - Penalty to Nicolas Deslauriers is over, Nicolas Deslauriers is back on ice.
12:56 of 3rd period - Icing by Rickard Rakell.
12:57 of 3rd period - Rickard Rakell wins face-off versus Tanner Richard in Heat zone.
13:25 of 3rd period - Sven Baertschi is hit by Tanner Richard and loses puck.
13:36 of 3rd period - Brett Hextall is hit by Riley Sheahan and loses puck.
14:28 of 3rd period - Icing by Ben Street.
14:29 of 3rd period - Ben Street wins face-off versus Victor Rask in Monsters zone.
14:29 of 3rd period - Ben Street is hit by Devante Smith-Pelly.
17:03 of 3rd period - Raphael Bussieres is hit by Jon Merrill and loses puck.
17:58 of 3rd period - Andrew Joudrey is hit by Tim Erixon and loses puck.
18:20 of 3rd period - Minor Penalty to Brett Hextall for Hooking.
18:21 of 3rd period - Riley Sheahan wins face-off versus Benn Ferriero in Monsters zone.
18:25 of 3rd period - Slapshot by Sami Vatanen.
18:25 of 3rd period - Shot Blocked by Benn Ferriero.
19:11 of 3rd period - Snap shot by Richard Panik.
19:11 of 3rd period - Stopped by Farm Player80 with a rebound.
19:27 of 3rd period - Tanner Richard is hit by Carl Klingberg and loses puck.
Goals for this period are 0 for Monsters vs 1 for Heat.
Shots for this period are 3 for Monsters vs 11 for Heat.


Output by the SimonT Hockey Simulator (STHS) for Eric Dolegowski -- Original Page W3C XHTML 1.0 Valid
Hockey Simulator - Hockey Simulation - Hockey Manager